 Dungeon Crawl Stone Soup version 0.21.1-1-g345015f (webtiles) character file.

810 diana the Ruffian (level 7, -2/54 HPs)
             Began as a Demonspawn Gladiator on June 17, 2018.
             Slain by an orc warrior
             ... wielding a +0 short sword
              (7 damage)
             ... on level 4 of the Dungeon.
             The game lasted 00:07:51 (4457 turns).

diana the Ruffian (Demonspawn Gladiator)            Turns: 4457, Time: 00:07:51

Health: -2/54      AC:  5    Str: 15 (16) XL:     7   Next: 61%
Magic:  7/7        EV: 13    Int:  8      God:
Gold:   250        SH:  0    Dex: 12 (14) Spells: 6/6 levels left

rFire    . . .     SeeInvis .     - Unarmed
rCold    . . .     Gourm    .   (no shield)
rNeg     . . .     Faith    .   f - +1 animal skin
rPois    .         Spirit   .   o - +2 hat
rElec    .         Reflect  .   (no cloak)
rCorr    .         Harm     .   (no gloves)
MR       .....     Clarity  +   (no boots)
Stlth    +.........             (no amulet)
HPRegen  0.18/turn              (no ring)
MPRegen  0.10/turn              (no ring)

@: no status effects
A: talons 2, clarity, dopey 1, mutation resistance 1, powered by death 1
a: no special abilities


You were on level 4 of the Dungeon.
You were hungry.

You visited 1 branch of the dungeon, and saw 5 of its levels.

You collected 250 gold pieces.

Inventory:

Missiles
 c - a throwing net (quivered)
Armour
 a - a +0 leather armour
 b - a +0 helmet
 e - a +0 shield
 f - a +1 animal skin (worn)
 o - a +2 hat (worn)
Jewellery
 l - an uncursed ring of protection from magic
 q - an uncursed ring of protection from cold
 r - an uncursed ring of protection from fire
Scrolls
 g - a scroll of amnesia {unknown}
 h - 2 scrolls of remove curse
 i - 4 scrolls of teleportation {unknown}
 j - a scroll of identify
 k - a scroll of enchant weapon {unknown}
 m - a scroll of blinking {unknown}
 n - 2 scrolls of enchant armour {unknown}
 s - a scroll of random uselessness {unknown}
 u - a scroll of noise {unknown}
Potions
 t - a potion of invisibility {unknown}
Comestibles
 d - 7 rations


   Skills:
 + Level 4.0 Fighting
 - Level 1.7 Throwing
 - Level 4.2 Armour
 - Level 3.0 Dodging
 + Level 6.0 Unarmed Combat


You had 6 spell levels left.
You didn't know any spells.

Dungeon Overview and Level Annotations

Branches:
Dungeon (5/15)
 Temple: D:4-7

Altars:

Annotations:
D:3 twistedcrescendo's ghost, amateur MiGl
D:5 Menkaure


Innate Abilities, Weirdness & Mutations

You have razor-sharp toenails.
You regenerate a little health from kills.
You possess an exceptional clarity of mind.
You are dopey. (Int -2)
You are somewhat resistant to further mutation.


Message History

You hit the orc warrior but do no damage.
The orc warrior is heavily wounded.
The orc warrior closely misses you.
You hit the orc warrior. Your kick misses the orc warrior.
The orc warrior is severely wounded.
The orc warrior closely misses you.
You closely miss the orc warrior. You claw the orc warrior.
The orc warrior is severely wounded.
The orc warrior hits you with a short sword!
* * * LOW HITPOINT WARNING * * *
You feel better.
You barely miss the orc warrior. You claw the orc warrior.
The orc warrior is severely wounded.
The orc warrior hits you with a short sword!
* * * LOW HITPOINT WARNING * * *
You hit the orc warrior but do no damage.
Your kick misses the orc warrior.
The orc warrior is severely wounded.
The orc warrior hits you with a short sword!
You die...

...........##.............#
...........###........#####
...<.......####..#...##
............# #..#..##
............# #.....#
............# #....###########
...........####<...##........#
...........###.o#............#
...........##...@............#
#####....####.###......#######
###### ### ########


You could see an orc warrior.

Vanquished Creatures
  Sigmund (D:3)
  A wyvern (D:4)
  A phantom (D:4)
  A scorpion (D:4)
  A centaur skeleton (D:4)
  Jessica (D:3)
  Terence (D:3)
  2 worker ants (D:4)
  Natasha (thrice) (D:3 D:4)
  A howler monkey skeleton (D:4)
  Robin (D:3)
  4 gnolls
  An ooze (D:2)
  An adder skeleton (D:4)
  A dart slug (D:1)
  2 leopard geckos
  5 orcs (D:3)
  3 giant cockroaches
  17 goblins
  14 hobgoblins
  9 jackals
  5 kobolds
  A quokka (D:2)
  2 ball pythons (D:1)
  7 bats
  A leopard gecko skeleton (D:4)
  5 rats
92 creatures vanquished.

Notes
Turn   | Place    | Note
-------+----------+-------------------------------------------
     0 | D:1      | diana the Demonspawn Gladiator began the quest for the Orb.
     0 | D:1      | Reached XP level 1. HP: 16/16 MP: 1/1
   132 | D:1      | Reached skill level 3 in Unarmed Combat
   132 | D:1      | Gained mutation: You regenerate a little health from kills. [demonic ancestry]
   132 | D:1      | Reached XP level 2. HP: 7/22 MP: 2/2
   136 | D:1      | Reached skill level 1 in Armour
   463 | D:1      | Gained mutation: You have sharp toenails. [demonic ancestry]
   463 | D:1      | Reached XP level 3. HP: 25/27 MP: 3/3
  1142 | D:2      | Gained mutation: You have razor-sharp toenails. [demonic ancestry]
  1142 | D:2      | Reached XP level 4. HP: 33/33 MP: 4/4
  1692 | D:3      | Noticed Jessica
  1698 | D:3      | Killed Jessica
  1834 | D:3      | Noticed Sigmund
  1840 | D:3      | Gained mutation: You possess an exceptional clarity of mind. [potion of mutation]
  1840 | D:3      | Gained mutation: You are dopey. (Int -2) [potion of mutation]
  1840 | D:3      | Gained mutation: You are somewhat resistant to further mutation. [potion of mutation]
  1861 | D:3      | Killed Sigmund
  1861 | D:3      | Reached skill level 4 in Unarmed Combat
  1861 | D:3      | Reached XP level 5. HP: 38/38 MP: 5/5
  1861 | D:3      | Reached XP level 6. HP: 44/44 MP: 6/6
  1955 | D:3      | Noticed Terence
  1971 | D:3      | Killed Terence
  2057 | D:3      | Noticed Natasha
  2065 | D:3      | Killed Natasha
  2414 | D:3      | Noticed Natasha
  2419 | D:3      | Killed Natasha
  2427 | D:3      | Noticed twistedcrescendo's ghost (amateur MiGl)
  2433 | D:3      | Noticed Robin
  2532 | D:4      | HP: 2/44 [centaur skeleton (3)]
  2534 | D:4      | Reached skill level 5 in Unarmed Combat
  2883 | D:4      | HP: 1/45 [phantom (7)]
  2888 | D:4      | Reached XP level 7. HP: 1/51 MP: 7/7
  3268 | D:4      | Noticed Natasha
  3274 | D:4      | Killed Natasha
  3427 | D:4      | Found Fulyewos's Antique Weapon Shoppe.
  3507 | D:4      | Noticed a wyvern
  3523 | D:4      | Killed a wyvern
  3523 | D:4      | Reached skill level 6 in Unarmed Combat
  4065 | D:3      | Killed Robin
  4344 | D:5      | Entered Level 5 of the Dungeon
  4382 | D:5      | Noticed Menkaure
  4457 | D:4      | Slain by an orc warrior

Skill      XL: |  1  2  3  4  5  6  7 |
---------------+----------------------+-----
Dodging        | 3 |  3.0
Unarmed Combat | 3 4 5 6 |  6.0
Armour         | 1 2 4 |  4.2
Fighting       | 4 |  4.0
Throwing       | |  1.7

Action                   |  1- 3 |  4- 6 |  7- 9 || total
-------------------------+-------+-------+-------++-------
Melee: Unarmed           |   123 |   148 |    63 ||   334
       Kick              |    17 |    36 |    17 ||    70
       Punch             |     1 |     1 |       ||     2
Throw: Throwing net      |       |       |     2 ||     2
  Use: Potion            |       |    12 |     1 ||    13
       Scroll            |       |       |     5 ||     5
 Stab: Sleeping          |     1 |     1 |       ||     2
  Eat: Chunk             |       |     4 |     3 ||     7
       Ration            |       |     1 |       ||     1
Armor: Leather armour    |    30 |    26 |    14 ||    70
Dodge: Dodged            |    80 |    98 |    31 ||   209
